 Dungeon Crawl Stone Soup version 0.25-a0-547-g27a0b5d (webtiles) character file.

Game seed: 8254757027255679833, levelgen mode: deterministic

19 Ax0z the Chopper (level 2, -1/25 HPs)
             Began as a Minotaur Gladiator on Feb 22, 2020.
             Succumbed to an adder's poison
             ... on level 2 of the Dungeon.
             The game lasted 00:11:29 (1237 turns).

Ax0z the Chopper (Minotaur Gladiator)               Turns: 1237, Time: 00:11:29

Health: -1/25      AC:  4    Str: 18    XL:     2   Next: 55%
Magic:  1/1        EV: 13    Int:  5    God:
Gold:   39         SH:  0    Dex: 11    Spells: 1/1 levels left

rFire    . . .     SeeInvis .   j - -3 hunting sling (curse)
rCold    . . .     Gourm    .   (no shield)
rNeg     + . .     Faith    .   b - +1 leather armour
rPois    .         Spirit   .   c - +0 hat
rElec    .         Reflect  .   (no cloak)
rCorr    .         Harm     .   (no gloves)
MR       .....                  (no boots)
Stlth    +.........             (no amulet)
HPRegen  0.08/turn              p - ring of positive energy
MPRegen  0.07/turn              (no ring)

@: lethally poisoned (-1 -> -15)
A: retaliatory headbutt, horns 2
a: no special abilities


You were on level 2 of the Dungeon.
You were hungry.

You visited 1 branch of the dungeon, and saw 2 of its levels.

You collected 39 gold pieces.

Inventory:

Hand Weapons
 a - a +0 war axe
 j - a cursed -3 hunting sling (weapon)
 k - a +0 spear
 m - a +0 whip
 o - a +0 club
Missiles
 d - 3 throwing nets
 g - 23 bolts
 i - 57 stones (quivered)
Armour
 b - a +1 leather armour (worn)
 c - a +0 hat (worn)
Jewellery
 p - a ring of positive energy (left hand)
Scrolls
 l - a scroll of blinking
Potions
 e - a potion of invisibility {unknown}
 h - a potion of brilliance {unknown}
Comestibles
 f - 2 rations


   Skills:
 + Level 2.7 Fighting
 + Level 4.1 Axes
 + Level 2.2 Throwing
 + Level 3.6 Dodging


You had one spell level left.
You didn't know any spells.
Your spell library was empty.

Dungeon Overview and Level Annotations

Branches:
Dungeon (2/15)

Altars:


Innate Abilities, Weirdness & Mutations

You reflexively headbutt those who attack you in melee.
You have a pair of horns on your head.


Message History

Your headbutt misses the adder.
The adder is moderately wounded.
You feel sick. The adder barely misses you. The adder bites you.
You barely miss the adder. Your headbutt misses the adder.
The adder is moderately wounded.
You feel sick. The adder bites you.
You are lethally poisoned!
The adder poisons you! The adder bites you.
You are more poisoned.
The adder poisons you!
You miss the adder.
The adder is moderately wounded.
* * * LOW HITPOINT WARNING * * *
You feel sick. The adder bites you.
* * * LOW HITPOINT WARNING * * *
The adder bites you.
* * * LOW HITPOINT WARNING * * *
You closely miss the adder.
The adder is moderately wounded.
You die...

#...........#
............#
............#
............#
............###
...............
...(...<....%..
###+##S........
#...@.........
#..#########..
#. . #


You could see an adder.

Vanquished Creatures
  A dart slug (D:1)
  A goblin (D:1)
  2 hobgoblins (D:1)
  4 jackals (D:1)
  A bat (D:1)
  2 frilled lizards (D:1)
  2 kobolds (D:1)
  4 rats (D:1)
17 creatures vanquished.

Notes
Turn   | Place    | Note
-------+----------+-------------------------------------------
     0 | D:1      | Ax0z the Minotaur Gladiator began the quest for the Orb.
     0 | D:1      | Reached XP level 1. HP: 18/18 MP: 0/0
   219 | D:1      | Reached skill level 4 in Axes
   224 | D:1      | Reached XP level 2. HP: 13/25 MP: 1/1
  1236 | D:2      | HP: 1/25 [adder (3)]
  1237 | D:2      | Succumbed to an adder's poison

Levels and vault maps discovered:
D:1:      dpeg_arrival_renting, layout_basic, minmay_tromino_mix6
D:2:      layout_basic, lemuel_coloured_pillars_altar

Skill      XL: |  1 |
---------------+----+-----
Axes           | 4 |  4.1
Fighting       | |  2.7
Throwing       | |  2.2
Dodging        | |  3.6

Action                   || total
-------------------------++-------
Melee: War axe           ||    20
       Headbutt          ||     6
       Hunting sling     ||    28
 Fire: Hunting sling     ||     1
  Use: Scroll            ||     3
Armor: Leather armour    ||     9
Dodge: Dodged            ||    36

Table legend:
 A = Non-vault XP
 B = Vault XP
 C = Vault XP percentage of total XP
 D = Non-vault monster count
 E = Vault monster count
 F = Vault count percentage of total count
                 A         B        C        D         E       F
            +---------+---------+-------+---------+---------+-------
      Total |      24 |       4 |  14.3 |      14 |       3 |  17.6
            +---------+---------+-------+---------+---------+-------
        D:1 |      24 |       4 |  14.3 |      14 |       3 |  17.6
            +---------+---------+-------+---------+---------+-------
